 Dungeon Crawl Stone Soup version 0.31-a0-986-g5e6e4ef867 (webtiles) character file.

Game seed: 15357754178627367473

9174 slambat the Covert (level 11, -12/68 HPs)
             Began as a Human Summoner on Nov 14, 2023.
             Was a Priest of Dithmenos.
             Killed from afar by a hell hog (58 damage)
             ... with a fireball
             ... in a Gauntlet.
             The game lasted 01:36:08 (15545 turns).

slambat the Covert (Human Summoner)                Turns: 15545, Time: 01:36:08

Health: -12/68     AC: 14    Str:  8    XL:     11   Next: 69%
Magic:  16/23      EV: 16    Int: 24    God:    Dithmenos [***...]
Gold:   456        SH:  0    Dex: 15    Spells: 11/26 levels left

rFire   x . .        N - +4 mace of the Endless March {freeze, rF- rN++ Int+3 Dex+2}
rCold   . . .        (no shield)
rNeg    + + .        l - +0 steam dragon scales
rPois   .            (no helmet)
rElec   .            s - +1 cloak
rCorr   .            F - +0 pair of gloves
SInv    .            y - +1 pair of boots
Will    +....        E - amulet of regeneration
Stlth   ++++++       d - ring of willpower
HPRegen 1.11/turn    w - +4 ring of protection
MPRegen 0.18/turn

%: no teleportation
@: wreathed by umbra
A: no striking features
a: Renounce Religion, Shadow Step


You were in a Gauntlet.
You worshipped Dithmenos.
Dithmenos was most pleased with you.
You visited 2 branches of the dungeon, and saw 12 of its levels.
You also visited: Gauntlet.

You collected 546 gold pieces.
You spent 90 gold pieces at shops.

Inventory:

Hand Weapons
 G - a +4 mace of freezing
 N - the +4 mace of the Endless March (weapon) {freeze, rF- rN++ Int+3 Dex+2}
   (You found it on level 10 of the Dungeon)

   Int+3:     It affects your intelligence (+3).
   Dex+2:     It affects your dexterity (+2).
   rF-:       It makes you vulnerable to fire.
   rN++:      It greatly protects you from negative energy.
Missiles
 f - 87 stones
 v - 5 silver javelins
 C - 3 curare-tipped darts
 D - a throwing net
 H - 3 datura-tipped darts
Armour
 l - +0 steam dragon scales (worn)
 s - a +1 cloak (worn)
 y - a +1 pair of boots (worn)
 F - a +0 pair of gloves (worn)
Jewellery
 d - a ring of willpower (left hand)
 g - a +6 ring of strength
 w - a +4 ring of protection (right hand)
 B - a +6 ring of intelligence
 E - an amulet of regeneration (around neck)
 I - a ring of poison resistance
 K - an amulet of magic regeneration
Wands
 o - a wand of polymorph (8)
 z - a wand of mindburst (9)
 L - a wand of paralysis (5)
Scrolls
 i - a scroll of revelation
 k - 5 scrolls of teleportation
 m - a scroll of enchant armour {unknown}
 n - a scroll of poison
 p - 2 scrolls of fog
 r - a scroll of fear
 x - a scroll of silence {unknown}
 A - a scroll of immolation {unknown}
 M - a scroll of torment {unknown}
Potions
 a - a potion of heal wounds
 b - a potion of magic
 c - a potion of attraction
 e - a potion of resistance
 h - 3 potions of brilliance
 j - 3 potions of enlightenment
 q - 3 potions of haste
 t - 6 potions of might
 u - a potion of lignification {unknown}
 J - 2 potions of curing


   Skills:
 + Level 9.1 Dodging
 + Level 9.8 Stealth
 + Level 8.3 Spellcasting
 + Level 9.7 Summonings


You had 11 spell levels left.
You knew the following spells:

 Your Spells              Type           Power      Damage    Failure   Level
a - Summon Small Mammal   Summ           100%       N/A       1%          1
b - Call Imp              Summ           100%       N/A       1%          2
c - Summon Guardian Gole  Hex/Summ       33%        N/A       2%          3
d - Summon Lightning Spi  Summ/Air       33%        N/A       9%          4
e - Call Canine Familiar  Summ           54%        N/A       1%          3
f - Searing Ray           Conj           20%        2d5       10%         2

Your spell library contained the following spells:

 Spells                   Type           Power      Damage    Failure   Level
 Magic Dart               Conj           40%        1d5       6%          1
 Mephitic Cloud           Conj/Pois/Air  10%        N/A       19%         3
 Tukima's Dance           Hex            10%        N/A       19%         3
 Dimensional Bullseye     Hex/Tloc       5%         N/A       52%         4
 Fulminant Prism          Conj/Hex       5%         3d6       52%         4
 Iskenderun's Mystic Bla  Conj/Tloc      10%        2d4       52%         4


Dungeon Overview and Level Annotations

Branches:
Dungeon (11/15)            Temple (0/1) D:7            Lair (1/5) D:9
Gauntlet (1/1)
    Orc: D:9-12

Altars:
Dithmenos
Gozag
Hepliaklqana
Kikubaaqudgha
Makhleb
Nemelex Xobeh
Okawaru
Qazlal
Ru
Trog
Vehumet
Xom
Yredelemnul
Zin
The Shining One

Shops:
D:4 :

Annotations:
D:4 1 runed translucent door, Danienth's ghost, amateur TeIE
Lair:1 Nergalle Gauntlet 7 transporters


Message History

Press: ? - help, v - describe, . - travel
Here: a hell hog (wandering, hasn't noticed you, fire blocked by a translucent stone wall)
The floor.
The hell hog squeals angrily.
There is a transporter here.
You enter the transporter and appear at another place.
There is a transporter here.
You enter the transporter and appear at another place.
The air fills with toxic fumes!
As you read the scroll of poison, it crumbles to dust.
Casting: Summon Lightning Spire (dangerous; 9% risk of failure)
Press: ? - help, Q - select action, (/) - cycle Dir - look around, f - activate An electric hum fills the air.
The hell hound barks!
The hell hound is engulfed in poison gas.
The hell hound is poisoned.
The fire bat is engulfed in poison gas.
The fire bat is poisoned.
The hell hound is engulfed in poison gas.
The hell hound looks even sicker.
Your lightning spire shoots out a bolt of lightning at the hell hound!
The bolt of electricity hits the hell hound!
The hell hound looks even sicker.
The hell hog is engulfed in poison gas.
The hell hog is poisoned.
The hell hound is engulfed in poison gas.
The hell hound looks as sick as possible!
Unknown command.
Casting: Summon Guardian Golem (dangerous; 2% risk of failure)
Press: ? - help, Q - select action, (/) - cycle Dir - look around, f - activate A guardian golem appears, shielding your allies.
The hell hound is engulfed in poison gas.
The hell hound looks as sick as possible!
The hell hound breathes flames at you.
The blast of flame hits the hell hog.
The hell hog completely resists.
The blast of flame hits you!! The fire burns you terribly!
The hell hound is engulfed in poison gas.
The hell hound is poisoned.
The hell hog breathes fire at you.
The fireball explodes!
The fireball engulfs you!!! The fire burns you terribly!
Ouch! That really hurt!
You die...

#########################
.......................≈#
........................###
########...###########..#8#
.......#.8.#...§§§...#..###
.##.##.#...#.##§§§##.#..#
....#..#####.#.#§#.#.#..#####
##.##..#...#..##§##.:#..#≈8≈#
#.©#..©#©.©#..#8@9#b©#..#...#
#.##.#.#...#b.##§##.[#..#.8.#
..#....#####.#.#h#.#$#..#...##
.##.##.#...#.##hh§##.#..#.8...
..)....#...#...§§§...#..#...##
########...###########..#...#
.........≈.............≈#.©.##
........§8≈............∩#.....
.........≈.............≈#.©.##


You could see a hell hog (poisoned, catching breath, ally target), 2 hell
hounds, 2 fire bats, a friendly guardian golem (summoned) and a friendly
lightning spire (summoned, sheltered).

Vanquished Creatures
  An unseen horror (D:10)
  A wyvern (D:9)
  A ynoxinul (Gauntlet)
  A steam dragon (D:9)
  A centaur (D:8)
  An ogre (D:7)
  A nameless horror (D:9)
  2 bullfrogs
  2 scorpions (D:5)
  A wight (D:7)
  3 killer bees (D:9)
  A crimson imp (D:4)
  A hound (D:7)
  An orc priest (D:7)
  An iron imp (Gauntlet)
  2 iguanas
  An orc wizard (D:10)
  5 gnolls (D:9)
  An adder (D:5)
  2 shadow imps
  An ufetubus (D:6)
  2 dart slugs
  6 orcs
  6 ball pythons
  2 endoplasms
  A giant cockroach (D:4)
  2 goblins (D:4)
  6 hobgoblins
  A quokka (D:2)
  A bat (D:2)
  A frilled lizard (D:3)
  6 kobolds
  A rat (D:1)
66 creatures vanquished.

Vanquished Creatures (collateral kills)
  A two-headed ogre (D:10)
  A rust devil (Gauntlet)
  3 wyverns
  2 yaks (D:9)
  A water moccasin (D:7)
  3 orc warriors
  2 centaurs
  An ogre (D:3)
  A phantom (D:7)
  A bullfrog (D:8)
  A kobold brigand (D:8)
  2 scorpions (D:6)
  A wight (D:7)
  2 killer bees (D:9)
  3 orc priests
  A hound (D:7)
  An iron imp (Gauntlet)
  4 jellies
  3 iguanas
  4 orc wizards
  9 gnolls
  5 adders
  2 white imps
  An ufetubus (D:6)
  A worm (D:3)
  3 dart slugs (D:1)
  21 orcs
  5 ball pythons
  2 endoplasms
  3 giant cockroaches
  8 goblins
  15 hobgoblins
  3 jackals (D:2)
  4 quokkas
  4 bats
  12 kobolds
  3 rats
139 creatures vanquished.

Vanquished Creatures (others)
  2 two-headed ogres
  An arcanist (Gauntlet)
  A rime drake (D:9)
  2 komodo dragons (D:9)
  A wyvern (D:9)
  4 yaks
  2 basilisks (D:9)
  A steam dragon (D:8)
  A swamp drake (D:9)
  An orc warrior (D:7)
  A human (D:3)
  An ogre (D:6)
  3 gnoll sergeants
  A wight (D:7)
  A gnoll bouda (D:5)
  3 iguanas
  8 gnolls
  2 orcs
36 creatures vanquished.

Grand Total: 241 creatures vanquished

Notes
Turn   | Place    | Note
-------+----------+-------------------------------------------
     0 | D:1      | slambat the Human Summoner began the quest for the Orb.
     0 | D:1      | Reached XP level 1. HP: 13/13 MP: 3/3
   104 | D:1      | Reached XP level 2. HP: 19/19 MP: 1/5
   262 | D:1      | Learned a level 2 spell: Call Imp
   527 | D:1      | Reached XP level 3. HP: 24/24 MP: 2/6
  2024 | D:2      | Reached XP level 4. HP: 30/30 MP: 3/7
  2955 | D:3      | Found an ancient bone altar of Kikubaaqudgha.
  2985 | D:3      | Reached XP level 5. HP: 35/35 MP: 4/9
  3035 | D:3      | Noticed an ogre
  3048 | D:3      | Killed an ogre
  3049 | D:3      | Reached XP level 6. HP: 41/41 MP: 3/10
  3106 | D:3      | Noticed a human
  3108 | D:3      | Killed a human
  3198 | D:3      | Found Zin's Purification Station.
  3201 | D:3      | Found a glowing silver altar of Zin.
  3205 | D:3      | Bought a potion of curing for 90 gold pieces
  3330 | D:3      | Found a sacrificial altar of Ru.
  4127 | D:4      | Found a runed translucent door.
  4137 | D:4      | Noticed Danienth's ghost (amateur TeIE)
  4251 | D:4      | Reached skill level 5 in Summonings
  4404 | D:4      | Found Pauniehe's Self-Improvement Boutique.
  4931 | D:4      | Found a shimmering altar of Xom.
  4931 | D:4      | Found a burning altar of Makhleb.
  5206 | D:5      | Entered Level 5 of the Dungeon
  5309 | D:5      | Reached XP level 7. HP: 46/46 MP: 4/12
  5593 | D:5      | Found a shadowy altar of Dithmenos.
  5601 | D:5      | Became a worshipper of Dithmenos the Shadowed
  5752 | D:5      | Learned a level 3 spell: Summon Guardian Golem
  5757 | D:5      | Learned a level 4 spell: Summon Lightning Spire
  5761 | D:5      | Learned a level 3 spell: Call Canine Familiar
  6047 | D:5      | Reached XP level 8. HP: 52/52 MP: 11/14
  6845 | D:6      | Reached skill level 5 in Stealth
  6970 | D:6      | Reached skill level 5 in Dodging
  7792 | D:6      | Found a bloodstained altar of Trog.
  8211 | D:7      | Found a staircase to the Ecumenical Temple.
  8510 | D:7      | Reached skill level 5 in Spellcasting
  8650 | D:7      | Reached XP level 9. HP: 57/57 MP: 2/16
  8666 | D:7      | Reached * piety under Dithmenos
  8843 | D:7      | Found a radiant altar of Vehumet.
  8846 | D:7      | Found a glowing golden altar of the Shining One.
  9475 | D:7      | Found a hazy altar of Hepliaklqana.
  9591 | D:7      | Found a sparkling altar of Nemelex Xobeh.
 10360 | D:8      | Noticed a two-headed ogre
 10469 | D:8      | Killed a two-headed ogre
 10470 | D:8      | Reached XP level 10. HP: 63/63 MP: 10/19
 10568 | D:8      | Reached ** piety under Dithmenos
 11309 | D:9      | Found a basalt altar of Yredelemnul.
 12153 | D:9      | Noticed a two-headed ogre
 12161 | D:9      | Killed a two-headed ogre
 12162 | D:9      | Reached XP level 11. HP: 68/68 MP: 7/22
 12428 | D:9      | Found a staircase to the Lair.
 12665 | D:9      | Found an opulent altar of Gozag.
 13172 | D:9      | Learned a level 2 spell: Searing Ray
 13640 | D:10     | Entered Level 10 of the Dungeon
 13729 | D:10     | Noticed a two-headed ogre
 13813 | D:10     | Found an iron altar of Okawaru.
 14153 | D:10     | Found a stormy altar of Qazlal.
 14348 | D:10     | Identified the +4 mace of the Endless March {freeze, rF-
                  | rN++ Int+3 Dex+2}
 14583 | D:10     | Killed a two-headed ogre
 14946 | D:14     | Identified the of Kaixinol
 14946 | Lair:1   | Entered Level 1 of the Lair of Beasts
 14946 | Lair:1   | Noticed Nergalle
 15084 | D:11     | Found a gate leading to a gauntlet.
 15088 | Gauntlet | Entered a Gauntlet
 15088 | Gauntlet | Found a transporter.
 15088 | Gauntlet | Found a transporter.
 15088 | Gauntlet | Found a transporter.
 15088 | Gauntlet | Found a transporter.
 15110 | Gauntlet | Found a transporter.
 15120 | Gauntlet | Found a transporter.
 15121 | Gauntlet | Noticed an arcanist
 15124 | Gauntlet | Found a transporter.
 15134 | Gauntlet | Found a transporter.
 15151 | Gauntlet | Noticed a hell hog
 15155 | Gauntlet | Found a transporter.
 15156 | Gauntlet | Noticed a glowing orange brain
 15159 | Gauntlet | Noticed a glowing orange brain
 15162 | Gauntlet | Noticed a green ugly thing
 15172 | Gauntlet | Found a transporter.
 15176 | Gauntlet | Found a transporter.
 15186 | Gauntlet | Found a transporter.
 15321 | Gauntlet | Reached *** piety under Dithmenos
 15444 | Gauntlet | Killed an arcanist
 15545 | Gauntlet | Killed from afar by a hell hog

Illustrated notes

Levels and vault maps discovered:
D:1:      heliophobic_arrival_dark_side_of_the_moon, layout_basic
D:2:      layout_basic, columned_hall_lemuel, kennysheep_generic_room_9
D:3:      layout_basic, mainiacjoe_overflow_chevrons, tgw_kikubaaqudgha,
          zin_purify
D:4:      layout_loops_ring, grunt_temple_overflow_champion_of_chaos,
          chequers_ossuary_entry_cave, gammafunk_ghost_grave,
          nicolae_shop_self_help
D:5:      layout_loops_ring, nicolae_dithmenos_shadow_blocks,
          small_statue_intersection
D:6:      layout_basic, trog_hazing_becter, chequers_serial_rivers_small_b,
          sigmund_army
D:7:      layout_loops_corners, worldfamousw_hep_ancestral_shrine,
          nemelex_spade_bored_becter, nicolae_overflow_squiral,
          minmay_temple_entry_antechambers
D:8:      layout_basic
D:9:      layout_loops_ring, grunt_gozag_breadcrumbs, overflow_temple_1_default,
          erik_lair_dragon, kennysheep_cluttered_room, minivault_11
D:10:     layout_irregular_city, mainiacjoe_overflow_surrounded_room,
          mainiacjoe_overflow_alcove_1
D:11:     layout_roguey, gauntlet_entry_generic, kennysheep_generic_room_14
Lair:1:   layout_regular_city, lemuel_fruit_tree, grunt_megastairs_2,
          uniq_nergalle
Gauntlet: gammafunk_gauntlet_hard_choice [nicolae_gauntlet_arena_flowing_pool,
          gammafunk_gauntlet_arena_crates, nicolae_gauntlet_arena_grate_2,
          gammafunk_gauntlet_arena_spirals, gammafunk_gauntlet_arena_corners,
          gammafunk_gauntlet_arena_teeth, gauntlet_exit_hidden_loot]

Skill      XL: |  1  2  3  4  5  6  7  8  9 10 11 |
---------------+----------------------------------+-----
Stealth        | 3 4 5 7 8 9 |  9.8
Dodging        | 3 4 5 7 8 9 |  9.1
Spellcasting   | 3 4 5 6 7 8 |  8.3
Summonings     | 5 6 7 8 9 |  9.7

Action                     |  1- 3 |  4- 6 |  7- 9 | 10-12 || total
---------------------------+-------+-------+-------+-------++-------
  Melee: Unarmed           |     9 |       |       |       ||     9
         Short sword       |    14 |    81 |       |       ||    95
         Dagger            |       |     6 |    48 |       ||    54
         Mace              |       |       |    10 |    82 ||    92
         Punch             |       |       |     1 |     2 ||     3
  Throw: Javelin           |       |    10 |     1 |       ||    11
         Stone             |       |       |     6 |     6 ||    12
         Dart              |       |       |     1 |       ||     1
   Cast: Summon Small Mamm |    51 |    51 |    53 |    37 ||   192
         Call Imp          |    16 |    25 |    37 |    19 ||    97
         Summon Guardian G |       |       |    39 |    29 ||    68
         Call Canine Famil |       |       |    25 |    17 ||    42
         Summon Lightning  |       |       |     4 |    27 ||    31
         Searing Ray       |       |       |       |     2 ||     2
  Evoke: Wand              |       |       |    12 |     7 ||    19
    Use: Scroll            |     2 |     2 |     7 |     8 ||    19
         Potion            |       |       |     4 |       ||     4
   Stab: Sleeping          |     1 |     4 |     2 |       ||     7
         Distracted        |       |     1 |     1 |     1 ||     3
 Armour: Robe              |     8 |       |       |       ||     8
         Leather armour    |     4 |    38 |    85 |     8 ||   135
         Steam dragon scal |       |       |       |   117 ||   117
  Dodge: Dodged            |    22 |    65 |   119 |   234 ||   440
  Block: Kite shield       |       |       |       |     2 ||     2

Table legend: (Time is in decaauts)
 A = Elapsed time spent in this place.
 B = Non-inter-level travel time spent in this place.
 C = Inter-level travel time spent in this place.
 D = Time resting spent in this place.
 E = Time spent auto-exploring this place.
 F = Levels seen in this place.
 G = Mean time per level.
                   A        B        C        D        E       F      G
               +--------+--------+--------+--------+--------+-----+--------+
         Total |  15587 |  14326 |   1261 |    722 |   9901 |  13 | 1199.0 |
       Dungeon |  15123 |  13862 |   1261 |    599 |   9783 |  11 | 1374.8 |
          Lair |      1 |      1 |      0 |      0 |      0 |   1 |    1.0 |
      Gauntlet |    462 |    462 |      0 |    123 |    118 |   1 |  462.0 |
               +--------+--------+--------+--------+--------+-----+--------+

Top non-repeatable levels by time:
     D:9: 2597 daAuts
     D:7: 1995 daAuts
     D:5: 1548 daAuts
     D:1: 1469 daAuts
     D:2: 1425 daAuts
     D:6: 1381 daAuts
    D:10: 1309 daAuts
     D:4: 1200 daAuts
     D:3: 1187 daAuts
     D:8: 999 daAuts
Gauntlet: 462 daAuts
    D:11: 8 daAuts
  Lair:1: 1 daAuts
